 Dungeon Crawl Stone Soup version 0.27-a0-1256-gced786f65e (webtiles) character file.

Game seed: 74095987744674532

29 tilp the Caller (level 3, -1/27 HPs)
             Began as a Barachi Summoner on June 10, 2021.
             Slain by a gnoll
             ... wielding a +0 flail
              (14 damage)
             ... on level 2 of the Dungeon.
             The game lasted 00:02:10 (2092 turns).

tilp the Caller (Barachi Summoner)                  Turns: 2092, Time: 00:02:11

Health: -1/27      AC:  3    Str: 10    XL:     3   Next: 16%
Magic:  2/7        EV: 11    Int: 15    God:
Gold:   28         SH:  0    Dex: 12    Spells: 1/7 levels left

rFire    . . .     SeeInvis .   a - +0 dagger
rCold    . . .     Faith    .   (no shield)
rNeg     . . .     Spirit   .   e - +0 leather armour
rPois    .         Reflect  .   (no helmet)
rElec    .         Harm     .   (no cloak)
rCorr    .         Rampage  .   (no gloves)
Will     .....                  (no boots)
Stlth    ++........             (no amulet)
HPRegen  0.09/turn              (no ring)
MPRegen  0.10/turn              (no ring)

@: slow
A: amphibious, slowness 1, strong legs 1, +LOS
a: Hop


You were on level 2 of the Dungeon.
You visited 1 branch of the dungeon, and saw 2 of its levels.

You collected 28 gold pieces.

Inventory:

Hand Weapons
 a - a +0 dagger (weapon)
Armour
 e - a +0 leather armour (worn)
Jewellery
 i - a ring of ice
Scrolls
 b - a scroll of immolation {unknown}
 d - a scroll of identify
Potions
 c - a potion of resistance
 f - a potion of berserk rage


   Skills:
 - Level 2.0 Fighting
 - Level 2.1 Dodging
 - Level 1.7 Stealth
 + Level 2.7 Spellcasting
 + Level 5.2 Summonings


You had one spell level left.
You knew the following spells:

 Your Spells              Type           Power      Damage    Failure   Level
a - Summon Small Mammal   Summ           68%        N/A       3%          1
b - Call Imp              Summ           17%        N/A       4%          2
c - Call Canine Familiar  Summ           17%        N/A       10%         3

Your spell library contained the following spells:

 Spells                   Type           Power      Damage    Failure   Level
 Summon Guardian Golem    Hex/Summ       9%         N/A       28%         3
 Summon Ice Beast         Ice/Summ       9%         N/A       67%         4
 Summon Lightning Spire   Summ/Air       9%         N/A       67%         4


Dungeon Overview and Level Annotations

Branches:
Dungeon (2/15)

Altars:


Innate Abilities, Weirdness & Mutations

You are amphibious.
You cover ground slowly.
You can hop short distances.
You have an extended range of vision and can be seen from far away.


Message History

The giant cockroach bites you.
Your crimson imp blinks!
You hit the giant cockroach.
The giant cockroach is severely wounded.
The giant cockroach closely misses you.
You hit the giant cockroach.
You kill the giant cockroach!
No target in view!
No target in view!
Your crimson imp picks up some beetles from the ground and offers them to you.
Something hits your crimson imp!
Your crimson imp dies!
A gnoll is nearby!
A gnoll is nearby!
Casting: Call Imp (safe; 4% risk of failure)
Confirm with . or Enter, or press ? or * to list all spells.
The spell is quite dangerous to cast (10% risk of failure)!
Continue anyway?
Your crimson imp blinks!
The gnoll hits you with a +0 flail!
Ouch! That really hurt!
Unknown command.
You closely miss the gnoll.
Your hound bites the gnoll.
The gnoll closely misses you.
You barely miss the gnoll.
The gnoll is moderately wounded.
Your crimson imp disappears in a puff of smoke!
Your hound bites the gnoll but does no damage.
The gnoll barely misses you.
Your hound bites the gnoll.
You hit the gnoll but do no damage.
The gnoll is heavily wounded.
Your hound completely misses the gnoll.
The gnoll closely misses you.
You closely miss the gnoll.
The gnoll is heavily wounded.
Your hound bites the gnoll.
The gnoll barely misses your hound.
Your hound bites the gnoll.
You hit the gnoll but do no damage.
The gnoll is almost dead.
Your hound barely misses the gnoll.
The gnoll hits you with a +0 flail!
Ouch! That really hurt!
You die...

# ##[..#.#g#.# #. ### #
#.....# #. ..# # #.###.###.
#.# .# #. #.gg.. #.# ##.#### #
#.###< #.# ...#.. ...# #§ #.#
#..#.# # #.#.# #.
#.#############.†#.###.###.#.#
#. .............(#.@#......##
#.# #. #.###########.#..gh.#
.. ..# #. #.# #.####..# .# ###
#. #.# #.# ##.###.# #. ..# #.#
#.....# #. ### #.# ###..##
###########.#######..#######
#>........†.................
###.#####..††..........#######


You could see a gnoll (ally target) and a friendly hound (summoned).

Vanquished Creatures
  An adder (D:2)
  A dart slug (D:1)
  2 giant cockroaches
  A hobgoblin (D:2)
  A frilled lizard (D:2)
6 creatures vanquished.

Vanquished Creatures (collateral kills)
  A dart slug (D:2)
  A ball python (D:2)
  3 endoplasms
  A giant cockroach (D:2)
  3 hobgoblins
  A quokka (D:1)
  2 bats
  A frilled lizard (D:2)
  A goblin (D:1)
  3 rats (D:2)
17 creatures vanquished.

Grand Total: 23 creatures vanquished

Notes
Turn   | Place    | Note
-------+----------+-------------------------------------------
     0 | D:1      | tilp the Barachi Summoner began the quest for the Orb.
     0 | D:1      | Reached XP level 1. HP: 13/13 MP: 3/3
    34 | D:1      | Reached skill level 1 in Fighting
   583 | D:1      | Reached XP level 2. HP: 19/22 MP: 1/5
   586 | D:1      | Learned a level 2 spell: Call Imp
   976 | D:1      | Found a faded altar of an unknown god.
  1549 | D:2      | Reached skill level 5 in Summonings
  1958 | D:2      | Reached XP level 3. HP: 26/27 MP: 1/6
  1970 | D:2      | Learned a level 3 spell: Call Canine Familiar
  2092 | D:2      | Slain by a gnoll

Illustrated notes

Levels and vault maps discovered:
D:1:      wander_arrival_estate, layout_basic, hellmonk_ecumenical_altar_zigzags
D:2:      layout_loops_ring

Skill      XL: |  1  2 |
---------------+-------+-----
Fighting       | 1 2 |  2.0
Summonings     | 5 |  5.2
Dodging        | |  2.1
Stealth        | |  1.7
Spellcasting   | |  2.7

Action                   || total
-------------------------++-------
Melee: Unarmed           ||    14
       Dagger            ||    69
 Cast: Summon Small Mamm ||    16
       Call Imp          ||    20
       Call Canine Famil ||     1
  Use: Scroll            ||     5
Armor: Robe              ||    18
       Leather armour    ||     8
Dodge: Dodged            ||    60

Table legend: (Time is in decaauts)
 A = Elapsed time spent in this place.
 B = Non-inter-level travel time spent in this place.
 C = Inter-level travel time spent in this place.
 D = Time resting spent in this place.
 E = Time spent auto-exploring this place.
 F = Levels seen in this place.
 G = Mean time per level.
                   A        B        C        D        E       F      G
               +--------+--------+--------+--------+--------+-----+--------+
         Total |   2293 |   2219 |     74 |    520 |   1407 |   2 | 1146.5 |
       Dungeon |   2293 |   2219 |     74 |    520 |   1407 |   2 | 1146.5 |
               +--------+--------+--------+--------+--------+-----+--------+

Top non-repeatable levels by time:
     D:1: 1391 daAuts
     D:2: 901 daAuts
